Map: Ascension to Aiur LE

Players

dayoff

  • Race: Terran Terran
  • League: Diamond
  • Spawn Location: 5:00

CommadoreXav - Winner!

  • Race: Protoss Protoss
  • League: Gold
  • Spawn Location: 11:00

VOD

Have the link to the VOD?

Description

Time

  • Played on: July 18, 2017, 4:08 p.m.
  • Length: 19:05
Show
View Real Time Build Order
Export as new Build Order

dayoff Terran 

Build Orders: Bio Mine 

Get SALT Encoding   

  12  0:01  SCV  
  13  0:13  SCV  
  14  0:18  Supply Depot  
  14  0:25  SCV  
  15  0:29  Refinery  
  15  0:40  SCV  
  16  0:47  Barracks  
  16  0:52  SCV  
  17  1:04  SCV  
  18  1:16  SCV  
  19  1:28  SCV  
  20  1:36  Barracks Reactor  
  20  1:42  Orbital Command  
  20  1:49  Command Center  
  20  2:01  Factory  
  20  2:05  Refinery  
  20  2:11  SCV  
  21  2:18  Supply Depot  
  21  2:22  Marine x2  
  23  2:40  SCV, Marine x2  
  26  2:45  Widow Mine  
  26  2:48  Starport  
  28  2:54  SCV  
  29  3:01  Orbital Command  
  29  3:06  SCV, Marine x2  
  32  3:18  SCV, Widow Mine  
  35  3:27  Bunker  
  35  3:28  SCV  
  35  3:31  SCV  
  37  3:35  Supply Depot  
  37  3:36  Marine x2  
  37  3:40  SCV  
  40  3:43  Viking  
  40  3:47  Widow Mine  
  44  3:54  Supply Depot  
  44  4:00  SCV x2  
  46  4:13  Barracks, Medivac  
  46  4:14  Barracks  
  48  4:33  Engineering Bay  
  48  4:37  Engineering Bay  
  48  4:42  SCV x2  
  48  4:45  Starport Tech Lab  
  50  4:46  Factory Tech Lab  
  50  5:04  SCV x2  
  52  5:14  Starport Reactor  
  52  5:17  Supply Depot  
  52  5:19  Missile Turret, Factory Reactor  
  52  5:24  Command Center  
  52  5:25  Terran Infantry Armor Level 1, Terran Infantry Weapons Level 1  
  52  5:27  SCV x2  
  54  5:31  Missile Turret  
  54  5:42  Combat Shields, Stimpack  
  54  5:46  Barracks  
  54  5:47  Barracks  
  54  5:49  Refinery  
  54  5:50  Refinery  
  49  6:11  Marine x2  
  50  6:27  Medivac x2  
  50  6:29  Marine  
  50  6:32  Marauder x2  
  59  6:34  SCV x2  
  59  6:35  Barracks Reactor  
  61  6:46  SCV  
  60  6:53  Supply Depot  
  60  7:02  Marauder x2  
  60  7:03  Widow Mine, Marine x2  
  60  7:04  Widow Mine  
  70  7:13  Marine  
  70  7:14  Planetary Fortress  
  71  7:17  SCV x2  
  71  7:22  Barracks  
  73  7:24  Marauder x2  
  73  7:28  Medivac x2  
  73  7:29  SCV  
  82  7:36  Armory  
  82  7:37  Supply Depot  
  82  7:38  Supply Depot  
  82  7:41  Liberator x2, Missile Turret  
  82  7:45  Marauder  
  84  7:54  Factory  
  87  8:01  SCV x2, Missile Turret  
  92  8:11  Marauder x2, Marine x5  
  101  8:13  SCV  
  102  8:21  Starport  
  102  8:22  Widow Mine x2  
  106  8:28  Supply Depot  
  106  8:29  Supply Depot, Marine x2  
  106  8:33  Supply Depot x2  
  108  8:37  SCV  
  109  8:49  SCV x2  
  109  8:54  Medivac x2  
  115  8:59  Refinery  
  115  9:04  Terran Infantry Armor Level 2, Terran Infantry Weapons Level 2  
  115  9:07  Barracks Reactor  
  115  9:15  Refinery  
  115  9:20  Supply Depot  
  112  9:33  Marauder, Marine x3  
  112  9:34  Widow Mine x2  
  112  9:35  Drilling Claws  
  112  9:37  Medivac  
  112  9:38  Barracks Tech Lab  
  120  9:52  SCV, Sensor Tower  
  121  9:53  SCV, Missile Turret  
  121  9:55  Marauder  
  121  9:56  Marine x3  
  127  10:04  SCV  
  127  10:05  SCV  
  127  10:06  Barracks Reactor  
  129  10:16  Marauder  
  129  10:17  SCV x2  
  133  10:24  Marauder, Marine x2  
  137  10:29  SCV x2  
  137  10:30  Concussive Shells  
  139  10:37  Marauder  
  139  10:41  SCV x2  
  142  10:45  Marauder  
  143  10:51  Marine  
  143  10:52  Marine  
  143  10:53  SCV x2, Command Center  
  143  10:56  Widow Mine  
  149  11:05  Supply Depot  
  149  11:07  Missile Turret  
  149  11:15  Supply Depot x2  
  149  11:17  Starport Reactor  
  149  11:20  Terran Vehicle Weapons Level 1  
  149  11:23  Terran Infantry Weapons Level 3  
  149  11:27  Marauder x2  
  153  11:36  Marine  
  154  11:49  Marauder x2  
  136  12:10  Marauder x2  
  124  12:22  Viking  
  124  12:23  Viking x3  
  115  12:30  Planetary Fortress  
  115  12:31  Marauder x2  
  110  12:39  Thor  
  110  12:41  Widow Mine x2  
  118  12:52  Viking  
  118  12:53  Viking x3, Refinery  
  118  12:57  Refinery  
  118  12:58  Missile Turret  
  126  13:00  Missile Turret  
  126  13:01  Terran Infantry Armor Level 3  
  126  13:09  Widow Mine  
  126  13:11  Marauder x2, Marine x5  
  126  13:12  Marine x2  
  139  13:14  Terran Ship Weapons Level 1  
  139  13:22  Viking  
  141  13:27  Supply Depot  
  141  13:28  Supply Depot  
  141  13:30  Medivac x2  
  141  13:31  Medivac  
  141  13:32  Marauder  
  146  13:44  Marauder, Marine  
  146  13:45  Marine x2  
  151  13:52  Medivac  
  151  13:54  Marauder  
  136  14:06  Marauder, Marine x7  
  136  14:07  Marine  
  131  14:15  Marauder  
  123  14:23  Marine x2  
  123  14:24  Marine x6  
  114  14:27  Marauder  
  114  14:28  Viking x2  
  114  14:29  Viking x2  
  124  14:36  Marauder  
  124  14:41  Marine x3  
  124  14:43  Marine  
  128  14:49  Marauder  
  130  14:58  Marauder  
  132  15:10  Marauder  
  132  15:12  Marine x2  
  136  15:15  Terran Ship Weapons Level 2  
  136  15:19  Marauder  
  138  15:31  Marauder  
  138  15:32  Command Center  
  138  15:33  Command Center  
  138  15:41  Marauder  
  137  15:53  Marauder  
  116  16:02  Marauder  
  105  16:07  Marine x2  
  105  16:08  Viking  
  105  16:09  Viking x3  
  111  16:14  Marauder  
  111  16:17  Siege Tank  
  111  16:18  Widow Mine x2  
  118  16:21  Liberator  
  118  16:22  Liberator  
  118  16:23  Marauder  
  122  16:36  Marauder  
  122  16:38  Viking x2  
  134  16:43  Refinery  
  134  16:45  Marauder, Planetary Fortress  
  136  16:49  Siege Tank  
  139  16:57  Marauder  
  141  17:04  Missile Turret  
  141  17:05  Missile Turret  
  141  17:06  Marauder  
  141  17:07  Missile Turret  
  142  17:29  Sensor Tower  
  141  17:37  Refinery  
  141  17:41  Orbital Command  
  140  17:55  Marauder x2, Marine x3  
  147  18:02  Starport  
  147  18:03  Starport  
  147  18:09  Marine x5  
  147  18:10  Command Center  
  147  18:12  Medivac x4  
  157  18:16  Marauder x2  
Show
View Real Time Build Order
Export as new Build Order

CommadoreXav Protoss - Winner!

Build Orders: 1 Gate Expand 

Get SALT Encoding   

  12  0:01  Probe (Chrono Boost)  
  13  0:11  Probe (Chrono Boost)  
  14  0:17  Pylon  
  14  0:22  Probe (Chrono Boost)  
  15  0:36  Probe (Chrono Boost)  
  15  0:38  Gateway  
  16  0:46  Probe (Chrono Boost)  
  16  0:48  Assimilator  
  18  0:57  Probe (Chrono Boost)  
  18  1:07  Probe (Chrono Boost)  
  19  1:18  Probe (Chrono Boost)  
  20  1:26  Nexus  
  20  1:36  Probe (Chrono Boost)  
  21  1:41  Cybernetics Core  
  21  1:46  Assimilator  
  21  1:55  Probe (Chrono Boost)  
  21  2:00  Pylon  
  21  2:05  Probe (Chrono Boost)  
  22  2:16  Probe (Chrono Boost)  
  22  2:18  Warp Gate, Adept  
  25  2:26  Probe (Chrono Boost)  
  25  2:29  Robotics Facility  
  27  2:40  Mothership Core (Chrono Boost)  
  28  2:50  Pylon  
  28  2:54  Probe (Chrono Boost)  
  30  2:58  Probe (Chrono Boost)  
  30  3:04  Pylon  
  30  3:09  Probe (Chrono Boost)  
  30  3:10  Probe (Chrono Boost)  
  30  3:12  Adept  
  34  3:16  Observer  
  35  3:23  Probe x2 (Chrono Boost)  
  37  3:31  Robotics Bay  
  37  3:37  Probe (Chrono Boost)  
  37  3:40  Pylon  
  37  3:41  Probe (Chrono Boost)  
  39  3:52  Probe x2 (Chrono Boost)  
  41  3:57  Observer  
  42  4:04  Gateway  
  42  4:06  Gateway, Probe x2 (Chrono Boost)  
  44  4:15  Pylon  
  44  4:16  Probe (Chrono Boost)  
  44  4:17  Probe (Chrono Boost)  
  46  4:27  Probe x2 (Chrono Boost)  
  48  4:33  Observer  
  48  4:36  Probe (Chrono Boost), Extended Thermal Lance (Chrono Boost)  
  48  4:37  Probe (Chrono Boost)  
  50  4:46  Probe  
  50  4:47  Assimilator  
  50  4:50  Assimilator  
  51  4:53  Probe  
  51  4:54  Observer  
  53  5:00  Stalker  
  53  5:04  Probe  
  53  5:05  Probe  
  57  5:15  Probe, Pylon  
  57  5:17  Probe  
  57  5:19  Stalker, Forge  
  57  5:20  Stalker  
  57  5:21  Pylon  
  63  5:29  Probe  
  63  5:31  Probe  
  65  5:38  Stalker  
  65  5:42  Probe  
  67  5:44  Probe  
  67  5:47  Stalker x2  
  69  6:18  Stalker x3  
  75  6:29  Observer  
  74  6:43  Probe  
  74  6:45  Probe  
  76  6:52  Stalker x2  
  80  6:56  Nexus  
  80  6:58  Pylon  
  80  7:06  Probe  
  80  7:07  Probe  
  82  7:08  Stalker  
  84  7:18  Stalker x2  
  88  7:23  Twilight Council  
  88  7:37  Colossus (Chrono Boost)  
  88  7:39  Pylon  
  88  7:43  Pylon  
  94  7:45  Pylon  
  94  7:49  Gateway  
  94  7:51  Gateway  
  94  7:53  Gateway  
  94  7:56  Gateway, Probe  
  94  7:57  Probe, Blink (Chrono Boost)  
  96  8:05  Protoss Ground Armor Level 1 (Chrono Boost)  
  96  8:08  Probe  
  96  8:09  Probe  
  96  8:11  Probe  
  99  8:20  Probe  
  99  8:21  Probe, Photon Cannon  
  99  8:22  Probe, Stalker x2  
  99  8:23  Photon Cannon  
  99  8:25  Sentry  
  108  8:32  Probe  
  108  8:33  Probe  
  108  8:34  Probe  
  111  8:38  Forge  
  111  8:43  Probe  
  111  8:45  Probe  
  111  8:46  Sentry x2  
  117  8:57  Assimilator  
  117  8:58  Pylon  
  117  9:01  Assimilator  
  117  9:04  Probe, Colossus  
  117  9:05  Probe x2  
  120  9:15  Protoss Ground Weapons Level 1 (Chrono Boost)  
  126  9:18  Probe x3  
  129  9:28  Photon Cannon  
  129  9:33  Photon Cannon  
  129  9:34  Pylon  
  129  9:38  Charge  
  129  9:49  Observer Gravitic Boosters  
  129  9:51  Colossus  
  129  9:54  Stalker x3  
  141  10:03  Probe x3  
  144  10:15  Probe  
  144  10:19  Robotics Facility  
  144  10:21  Pylon  
  145  10:26  Stalker x2  
  149  10:34  Pylon  
  149  10:35  Pylon  
  149  10:38  Pylon  
  149  10:41  Stalker  
  151  10:51  Probe x2  
  151  10:52  Probe  
  151  10:53  Colossus  
  158  11:06  Zealot x2  
  158  11:07  Zealot x3, Nexus  
  158  11:08  Pylon, Stalker x2  
  158  11:09  Resonating Glaives  
  172  11:17  Gateway x2, Probe x2  
  174  11:20  Gateway  
  174  11:22  Gateway  
  174  11:24  Gravitic Drive  
  174  11:26  Protoss Ground Armor Level 2 (Chrono Boost)  
  174  11:28  Stalker x2  
  174  11:29  Stargate  
  174  11:32  Stargate  
  178  11:41  Protoss Ground Weapons Level 2 (Chrono Boost)  
  178  11:44  Probe x3  
  178  11:46  Pylon  
  167  12:16  Stalker x3  
  167  12:17  Stalker x4  
  161  12:48  Sentry x2  
  161  12:49  Stalker x3  
  161  12:50  Zealot x5  
  161  12:51  Zealot  
  183  12:59  Photon Cannon  
  183  13:00  Photon Cannon  
  183  13:02  Photon Cannon  
  183  13:03  Probe  
  183  13:04  Pylon  
  184  13:06  Colossus (Chrono Boost)  
  184  13:07  Colossus (Chrono Boost)  
  184  13:10  Pylon  
  196  13:15  Probe  
  197  13:20  Protoss Air Weapons Level 1  
  197  13:22  Fleet Beacon  
  198  13:27  Probe  
  169  14:22  Stalker x3  
  169  14:23  Stalker x3  
  165  14:24  Stalker x3  
  165  14:25  Stalker x2  
  165  14:42  Protoss Ground Weapons Level 3, Colossus x2 (Chrono Boost)  
  160  14:54  Zealot x3  
  160  14:55  Zealot x7  
  160  14:56  Zealot  
  160  14:59  Tempest x2  
  192  15:08  Templar Archives  
  192  15:13  Robotics Facility  
  192  15:18  Gateway  
  192  15:23  Assimilator  
  192  15:26  Assimilator  
  192  15:28  Photon Cannon  
  192  15:29  Photon Cannon  
  186  15:37  Stalker x5  
  186  15:38  Stalker  
  168  16:33  Pylon  
  168  16:35  Colossus x2 (Chrono Boost), Nexus  
  180  16:40  Zealot  
  180  16:41  Zealot x4  
  180  16:42  Stalker x3  
  196  16:53  Sentry  
  196  16:54  Sentry  
  199  17:26  Nexus  
  198  17:43  Sentry  
  200  18:16  Pylon  
Tags
 
Add a new tag
Caveats
  • Supply blocks, unpowered buildings, or Contaminate may cause inaccurate times.
  • Supply counts are checked every 10 seconds.